 Dungeon Sprint DCSS version 0.30.1-11-g7821555f0a (webtiles) character file.

Game seed: 12621387229807297056

676 Heoruswealwe the Spear-Bearer (level 7, -7/73 HPs)
             Began as a Minotaur Fighter on Oct 31, 2023.
             Was an Initiate of Gozag.
             Mangled by a wraith (12 damage)
             ... in the Dungeon (Sprint IX: "|||||||||||||||||||||||||||||").
             The game lasted 00:01:34 (141 turns).

Heoruswealwe the Spear-Bearer (Minotaur Fighter)     Turns: 141, Time: 00:01:35

Health: -7/73      AC:  8    Str: 23    XL:     7   Next: 33%
Magic:  6/6        EV:  9    Int:  5    God:    Gozag
Gold:   0          SH:  4    Dex:  9    Spells: 6/6 levels left

rFire   . . .        a - +0 trident
rCold   . . .        d - +0 buckler
rNeg    . . .        c - +0 scale mail
rPois   .            (helmet restricted)
rElec   .            (no cloak)
rCorr   .            (no gloves)
SInv    .            (no boots)
Will    .....        (no amulet) Stlth
                     (no ring)
HPRegen 0.32/turn    (no ring)
MPRegen 0.10/turn

%: no teleportation
@: no status effects
A: horns 2, retaliatory headbutt
a: Renounce Religion, Potion Petition, Call Merchant, Bribe Branch


You were in the Dungeon.
You worshipped Gozag.
Gozag was noncommittal.
You visited 1 branch

Inventory:

Hand Weapons
 a - a +0 trident (weapon)
 k - a +2 halberd of protection
Armour
 c - a +0 scale mail (worn)
 d - a +0 buckler (worn)
Jewellery
 l - a +3 ring of intelligence
 m - a +3 ring of strength
Wands
 h - a wand of acid (10)
Scrolls
 j - 2 scrolls of blinking
Potions
 b - a potion of might
 e - 2 potions of heal wounds
 f - 4 potions of curing
 g - a potion of haste
 i - a potion of berserk rage


   Skills:
 + Level 10.3 Fighting
 * Level 13.6 Polearms
 + Level 10.3 Armour
 - Level 3.6 Shields


You had 6 spell levels left.
You didn't know any spells.
Your spell library was empty.

Dungeon Overview and Level Annotations

Branches:
Dungeon (1/1)

Altars:
Cheibriados
Dithmenos
Elyvilon
Fedhas
Gozag
Hepliaklqana
Kikubaaqudgha
Makhleb
Nemelex Xobeh
Okawaru
Qazlal
Ru
Sif Muna
Trog
Uskayaw
Vehumet
Wu Jian
Xom
Yredelemnul
Zin
The Shining One
Jiyva
Lugonu


Innate Abilities, Weirdness & Mutations

You have a pair of horns on your head.
You reflexively headbutt those who attack you in melee.


Message History

You puncture the wyvern!
The wyvern is heavily wounded.
You block the wyvern's attack.
You hit the wyvern. You headbutt the wyvern.
The wyvern is almost dead.
The wraith is distracted by your dazzling golden aura.
The wyvern misses you.
You puncture the wyvern!
You kill the wyvern!
The wraith is no longer distracted by gold.
Your Fighting skill increases to level 10!
Your Polearms skill increases to level 13!
Your Armour skill increases to level 10!
You hit the wraith but do no damage. You closely miss the wraith.
You headbutt the wraith.
The wraith is lightly damaged.
You block the wraith's attack.
You hit the wraith but do no damage.
The wraith is lightly damaged.
The wraith hits you.
* * * LOW HITPOINT WARNING * * *
You hit the wraith. Your headbutt misses the wraith.
The wraith is moderately damaged.
The wraith barely misses you.
You hit the wraith but do no damage.
The wraith is moderately damaged.
You hit the wraith but do no damage.
You headbutt the wraith, but do no damage.
The wraith is moderately damaged.
You block the wraith's attack.
You hit the wraith. Your headbutt misses the wraith.
The wraith is moderately damaged.
You hit the wraith but do no damage.
The wraith is moderately damaged.
A vampire appears from thin air!
Reactivating autopickup.
The vampire is no longer distracted by gold.
The wraith hits you!
You die...
Your body crumbles into a pile of gold.

▓+▓
▓.▓
$
▓.▓
$
▓.▓
$ $
▓.▓
$
▓V▓
$
▓W▓
$
▓@▓
$
▓.▓
▓.▓
$
▓[▓
▓[▓
$
▓[▓
▓.▓
$
▓)▓
$
▓?▓
$


You could see a vampire and a wraith.

Vanquished Creatures
  A wyvern (D)
  A vampire mosquito (D)
  2 black bears (D)
  A kobold brigand (D)
  A scorpion (D)
  A wight (D)
  A hound (D)
  An adder (D)
  2 ball pythons (D)
  A quokka (D)
  A bat (D)
  A rat (D)
14 creatures vanquished.

Notes
Turn   | Place    | Note
-------+----------+-------------------------------------------
     0 | D        | Heoruswealwe the Minotaur Fighter began the quest for the
                  | Orb.
     0 | D        | Reached XP level 1. HP: 19/19 MP: 0/0
    11 | D        | Reached skill level 3 in Polearms
    24 | D        | Noticed a black bear
    24 | D        | Noticed a hound
    24 | D        | Noticed a scorpion
    24 | D        | Noticed a black bear
    29 | D        | Killed a black bear
    30 | D        | Reached skill level 7 in Polearms
    30 | D        | Reached XP level 2. HP: 14/31 MP: 1/1
    30 | D        | Reached XP level 3. HP: 18/38 MP: 2/2
    30 | D        | Reached XP level 4. HP: 21/45 MP: 3/3
    40 | D        | Killed a scorpion
    41 | D        | Reached skill level 9 in Polearms
    41 | D        | Reached XP level 5. HP: 35/52 MP: 4/4
    47 | D        | Killed a black bear
    48 | D        | Reached skill level 11 in Polearms
    48 | D        | Reached XP level 6. HP: 33/62 MP: 5/5
    54 | D        | Found a snail-covered altar of Cheibriados.
    54 | D        | Found a shadowy altar of Dithmenos.
    54 | D        | Found a white marble altar of Elyvilon.
    54 | D        | Found a blossoming altar of Fedhas.
    54 | D        | Found an opulent altar of Gozag.
    55 | D        | Found a hazy altar of Hepliaklqana.
    56 | D        | Found a viscous altar of Jiyva.
    57 | D        | Found an ancient bone altar of Kikubaaqudgha.
    58 | D        | Found a corrupted altar of Lugonu.
    59 | D        | Found a burning altar of Makhleb.
    60 | D        | Found a sparkling altar of Nemelex Xobeh.
    61 | D        | Found an iron altar of Okawaru.
    62 | D        | Became a worshipper of Gozag Ym Sagoz the Greedy
    63 | D        | Found a stormy altar of Qazlal.
    64 | D        | Found a sacrificial altar of Ru.
    65 | D        | Found a shimmering blue altar of Sif Muna.
    66 | D        | Found a bloodstained altar of Trog.
    67 | D        | Found a hide-covered altar of Uskayaw.
    68 | D        | Found a radiant altar of Vehumet.
    69 | D        | Found an ornate altar of the Wu Jian Council.
    70 | D        | Found a shimmering altar of Xom.
    71 | D        | Found a basalt altar of Yredelemnul.
    72 | D        | Found a glowing silver altar of Zin.
    73 | D        | Found a glowing golden altar of the Shining One.
    98 | D        | Noticed a vampire
    98 | D        | Noticed a wraith
    98 | D        | Noticed a wyvern
    98 | D        | Noticed a vampire mosquito
   111 | D        | Reached skill level 12 in Polearms
   125 | D        | Killed a vampire mosquito
   126 | D        | Reached XP level 7. HP: 10/71 MP: 6/6
   133 | D        | Killed a wyvern
   134 | D        | Reached skill level 10 in Fighting
   134 | D        | Reached skill level 13 in Polearms
   134 | D        | Reached skill level 10 in Armour
   141 | D        | Mangled by a wraith

Illustrated notes

Levels and vault maps discovered:
D:        linesprint [early_d, line_temple, items_1, d_10, items_2, lair_1,
          lair_end, items_3, orc_1, orc_end, items_4, d_15, swamp_1, shoals_1,
          snake_1, spider_1, d_20, vaults_1, items_5, swamp_end, shoals_end,
          snake_end, spider_end, vaults_end, d_27, items_6, zot_1, zot_end,
          crypt_end, forest_end, elf_end, slime_end, tomb_end, abyss_end,
          pan_hell_end]

Skill      XL: |  1  2  3  4  5  6  7 |
---------------+----------------------+-----
Polearms       | 7 9 11 12 13 | 13.6
Fighting       | 6 7 8 9 10 | 10.3
Armour         | 6 7 8 9 10 | 10.3
Shields        | |  3.6

Action                     |  1- 3 |  4- 6 |  7- 9 || total
---------------------------+-------+-------+-------++-------
  Melee: Trident           |    18 |    42 |    16 ||    76
         Headbutt          |     1 |     6 |     3 ||    10
    Use: Potion            |       |     2 |       ||     2
 Armour: Scale mail        |    14 |     9 |       ||    23
  Dodge: Dodged            |     6 |    13 |     4 ||    23
  Block: Buckler           |     4 |     8 |     5 ||    17
